 Dungeon Crawl Stone Soup version 0.30-a0-777-ga9a30cbeda (webtiles) character file.

Game seed: 12838242276839732476

4354 Querens the Skirmisher (level 10, -3/44 HPs)
             Began as a Spriggan Hexslinger on Feb 13, 2023.
             Was an Initiate of Okawaru.
             Slain by a boulder beetle (39 damage)
             ... on level 7 of the Dungeon on Feb 14, 2023.
             The game lasted 00:27:41 (5833 turns).

Querens the Skirmisher (Spriggan Hexslinger)        Turns: 5833, Time: 00:27:42

Health: -3/44      AC:  8    Str:  6    XL:     10   Next: 12%
Magic:  12/13      EV: 17    Int: 22    God:    Okawaru [......]
Gold:   459        SH:  0    Dex: 19    Spells: 10/11 levels left

rFire   . . .      SeeInvis +    C - +0 shortbow
rCold   . . .      Faith    .    (shield currently unavailable)
rNeg    . . .      Spirit   .    c - +0 robe
rPois   .          Reflect  .    q - +2 hat
rElec   .          Harm     .    (no cloak)
rCorr   .          Rampage  .    (gloves unavailable)
Will    +....                    (boots unavailable)
Stlth   ++                       x - amulet of the acrobat
HPRegen 0.27/turn                j - +6 ring of intelligence
MPRegen 0.13/turn                A - +4 ring of protection

@: very quick
A: very small, no large weapons, unfitting armour, see invisible, speed 3
a: Renounce Religion


You were on level 7 of the Dungeon.
You worshipped Okawaru.
Okawaru was noncommittal.
You visited 2 branches of the dungeon, and saw 8 of its levels.
You also visited: Ossuary.

You collected 459 gold pieces.

Inventory:

Hand Weapons
 e - a +0 short sword
 C - a +0 shortbow (weapon)
Missiles
 a - a throwing net
Armour
 c - a +0 robe (worn)
 q - a +2 hat (worn)
Jewellery
 j - a +6 ring of intelligence (left hand)
 x - an amulet of the acrobat (around neck)
 y - an amulet of faith
 A - a +4 ring of protection (right hand)
Wands
 D - a wand of roots (10)
 E - a wand of flame (7)
Scrolls
 b - 6 scrolls of poison
 d - a scroll of enchant weapon {unknown}
 g - 3 scrolls of fear {unknown}
 h - 6 scrolls of enchant armour {unknown}
 k - 4 scrolls of identify {unknown}
 n - 2 scrolls of vulnerability {unknown}
 o - a scroll of fog {unknown}
 r - 4 scrolls of amnesia {unknown}
 s - 2 scrolls of immolation {unknown}
 u - 5 scrolls of teleportation {unknown}
 B - 4 scrolls of blinking {unknown}
 F - a scroll of silence {unknown}
Potions
 f - 2 potions of invisibility {unknown}
 i - 3 potions of degeneration {unknown}
 l - a potion of lignification {unknown}
 m - 2 potions of heal wounds {unknown}
 p - 3 potions of curing {unknown}
 t - 3 potions of flight {unknown}
 v - 3 potions of might {unknown}
 w - 3 potions of brilliance {unknown}
 z - a potion of magic {unknown}
 G - 2 potions of cancellation {unknown}
 H - a potion of haste {unknown}
 I - a potion of experience {unknown}


   Skills:
 - Level 0.7 Fighting
 + Level 14.6 Ranged Weapons
 - Level 2.6 Dodging
 - Level 1.3 Spellcasting
 - Level 3.6 Hexes


You had 10 spell levels left.
You knew the following spells:

 Your Spells              Type           Power      Damage    Failure   Level
a - Slow                  Hex            68%        N/A       3%          1

Your spell library contained the following spells:

 Spells                   Type           Power      Damage    Failure   Level
 Confusing Touch          Hex            17%        N/A       10%         3
 Blink                    Tloc           2%         N/A       22%         2
 Inner Flame              Hex/Fire       9%         N/A       22%         3
 Portal Projectile        Hex/Tloc       18%        N/A       22%         3
 Cause Fear               Hex            8%         N/A       32%         4
 Gell's Gravitas          Tloc           1%         N/A       41%         3
 Teleport Other           Tloc           1%         N/A       41%         3
 Vampiric Draining        Necr           1%         2d6       41%         3
 Flame Wave               Conj/Fire      1%         2d4       82%         4
 Manifold Assault         Tloc           1%         N/A       82%         4
 Sticky Flame             Conj/Fire      1%         2d3       82%         4
 Dispersal                Tloc           0%         N/A       100%        6
 Storm Form               Tmut/Air       0%         N/A       100%        7


Dungeon Overview and Level Annotations

Branches:
Dungeon (7/15)             Temple (1/1) D:7         Ossuary (visited)

Altars:
Ashenzari
Cheibriados
Dithmenos
Elyvilon
Fedhas
Gozag
Hepliaklqana
Kikubaaqudgha
Makhleb
Nemelex Xobeh
Okawaru
Qazlal
Sif Muna
Trog
Uskayaw
Vehumet
Wu Jian
Yredelemnul
Zin
The Shining One


Innate Abilities, Weirdness & Mutations

You are very small and have problems with some larger weapons.
You are too small for most types of armour.
You have supernaturally acute eyesight. (SInv)
You cover ground extremely quickly. (Speed+++)


Message History

Aim: a boulder beetle (chance to affect: 32%)
You miscast Slow.
You are very lightly contaminated with residual magic.
Nothing appears to happen.
The boulder beetle curls into a ball and begins rolling!
The centaur unwields a +0 shortbow.
The centaur wields a +2 mace of draining.
You sense an unholy aura.
The centaur completely misses you. x2
The centaur unwields a +2 mace of draining.
The centaur wields a +0 shortbow.
The centaur shoots an arrow.
The arrow misses you.
The centaur shoots an arrow.
The arrow completely misses you.
The centaur shoots an arrow.
The arrow hits you!
Your magical contamination has completely faded away.
You see here a scorpion corpse.
Found a yellow potion.
The boulder beetle attacks as you move away!
The boulder beetle closely misses you.
The boulder beetle stops rolling and uncurls.
The boulder beetle curls into a ball and begins rolling!
You see here a +0 giant club.
The centaur shoots an arrow.
The arrow hits you.
Found a stone staircase leading down.
A black bear comes into view.
The centaur shoots an arrow.
The arrow hits you but does no damage.
Found a stone staircase leading up.
The boulder beetle attacks as you move away!
The boulder beetle closely misses you.
The boulder beetle stops rolling and uncurls.
The boulder beetle curls into a ball and begins rolling!
Casting: Slow (safe; 3% risk of failure)
Confirm with . or Enter, or press ? or * to list all spells.
Aiming: Slow (safe; 3% risk of failure)
Press: ? - help, Shift-Dir - straight line, f/p - boulder beetle
Aim: a boulder beetle (rolling, chance to affect: 32%)
The boulder beetle easily resists.
There is a stone staircase leading up here.
The boulder beetle hits you!!!
Ouch! That really hurt!
You die...

#### ##.. ##..#
##...# ##....# #
###...@.## .
#.....B..# .#
#......○..##.###
........°.......
.......#°.......
#.....##h....###
#.........#####
#.>.......##
#..........##


You could see a boulder beetle (rolling) and a black bear.

Vanquished Creatures
  A hornet (D:7)
  Grinder (D:6)
  Sigmund (D:2)
  Edmund (D:6)
  3 water moccasins (D:7)
  2 orc warriors
  3 ice beasts
  4 sky beasts
  A black bear (D:4)
  2 ogres
  2 centaurs
  2 phantoms
  A kobold brigand (D:7)
  2 bullfrogs (D:7)
  An elf zombie (Ossuary)
  Blork the orc (D:6)
  A necrophage (D:5)
  3 scorpions
  4 wights (D:7)
  A howler monkey (D:7)
  3 centaur zombies (Ossuary)
  3 human zombies (Ossuary)
  4 orc priests
  6 hounds
  4 jellies
  5 iguanas
  5 orc wizards
  2 mummies (Ossuary)
  Robin (D:2)
  4 gnolls (D:4)
  7 adders
  2 shadow imps
  2 white imps
  An ufetubus (D:7)
  An adder zombie (Ossuary)
  A worm (D:4)
  2 dart slugs
  21 orcs
  2 bats
  6 endoplasms
  4 giant cockroaches
  11 goblins
  11 hobgoblins
  6 jackals
  13 kobolds
  5 quokkas
  10 ball pythons
  3 frilled lizards
  7 hobgoblin zombies (Ossuary)
  2 jackal zombies (Ossuary)
  5 kobold zombies (Ossuary)
  13 orc zombies (Ossuary)
  7 rats
  A rat zombie (Ossuary)
217 creatures vanquished.

Notes
Turn   | Place    | Note
-------+----------+-------------------------------------------
     0 | D:1      | Querens the Spriggan Hexslinger began the quest for the
                  | Orb.
     0 | D:1      | Reached XP level 1. HP: 9/9 MP: 3/3
    87 | D:1      | Reached XP level 2. HP: 14/14 MP: 5/5
   133 | D:1      | Reached skill level 3 in Ranged Weapons
   567 | D:2      | Reached XP level 3. HP: 16/17 MP: 6/6
   679 | D:2      | Noticed Sigmund
   682 | D:2      | Noticed Robin
   701 | D:2      | Killed Sigmund
   702 | D:2      | Reached skill level 6 in Ranged Weapons
   702 | D:2      | Reached XP level 4. HP: 16/21 MP: 7/7
   702 | D:2      | Reached XP level 5. HP: 20/25 MP: 8/8
   786 | D:2      | Killed Robin
   997 | D:2      | Reached XP level 6. HP: 29/29 MP: 9/9
  1394 | D:3      | Found a glowing silver altar of Zin.
  1820 | D:4      | Reached skill level 7 in Ranged Weapons
  2321 | D:4      | Reached XP level 7. HP: 32/32 MP: 8/10
  2370 | D:4      | Reached skill level 8 in Ranged Weapons
  2687 | D:5      | Entered Level 5 of the Dungeon
  2848 | D:5      | Reached skill level 9 in Ranged Weapons
  3063 | D:5      | Reached XP level 8. HP: 37/37 MP: 11/11
  3276 | D:5      | Reached skill level 10 in Ranged Weapons
  3708 | D:6      | Reached skill level 11 in Ranged Weapons
  4041 | D:6      | Noticed Blork the orc
  4042 | D:6      | Noticed Grinder
  4062 | D:6      | Killed Blork the orc
  4100 | D:6      | Killed Grinder
  4101 | D:6      | Reached skill level 12 in Ranged Weapons
  4101 | D:6      | Reached XP level 9. HP: 40/40 MP: 12/12
  4238 | D:6      | Noticed Edmund
  4312 | D:6      | Killed Edmund
  4429 | D:7      | Identified the +7 plate armour of Lifelessness {Fly rF+
                  | Will- Stlth+}
  4531 | D:7      | Found a sand-covered staircase.
  4607 | D:7      | Reached skill level 13 in Ranged Weapons
  4917 | Ossuary  | Entered an ossuary
  5119 | Ossuary  | Reached skill level 14 in Ranged Weapons
  5412 | D:7      | Reached XP level 10. HP: 40/44 MP: 11/13
  5591 | D:7      | Found a staircase to the Ecumenical Temple.
  5599 | Temple   | Entered the Ecumenical Temple
  5682 | Temple   | Upgraded the game from 0.30-a0-776-g08fbeb92c1 to
                  | 0.30-a0-777-ga9a30cbeda
  5690 | Temple   | Became a worshipper of Warmaster Okawaru
  5731 | D:7      | Noticed a boulder beetle
  5833 | D:7      | Slain by a boulder beetle

Illustrated notes

Levels and vault maps discovered:
D:1:      arrival_zaba_pyramid, layout_basic
D:2:      layout_rooms, grunt_ministairs_10, uniq_sigmund, uniq_robin
D:3:      layout_basic, mainiacjoe_overflow_chevrons, kennysheep_generic_room_7
D:4:      layout_loops_ring
D:5:      layout_loops_corners, minmay_circle_x
D:6:      layout_basic, uniq_blork_the_orc, uniq_edmund, uniq_grinder
D:7:      nzn_winding_woodlands_medium [nzn_winding_woodlands_5x5_checkerboard,
          nzn_winding_woodlands_5x15_cabin,
          nzn_winding_woodlands_5x5_closed_star,
          nzn_winding_woodlands_5x5_default,
          nzn_winding_woodlands_center_diamonds,
          nzn_winding_woodlands_hourglass, nzn_winding_woodlands_5x5_three,
          nzn_winding_woodlands_5x15_pockets,
          nzn_winding_woodlands_5x5_open_star], layout_cave_pods,
          minmay_temple_entry_tees, nicolae_ossuary_entry_monument,
          serial_glass, glass_columns_a, glass_columns_a, glass_columns_b,
          glass_columns_c, glass_columns_b, glass_columns_c, glass_columns_a,
          glass_columns_b
Temple:   nicolae_temple_bog_church

Skill      XL: |  1  2  3  4  5  6  7  8  9 |
---------------+----------------------------+-----
Ranged Weapons | 3 6 7 9 12 14 | 14.6
Fighting       | |  0.7
Dodging        | |  2.6
Spellcasting   | |  1.3
Hexes          | |  3.6

Action                     |  1- 3 |  4- 6 |  7- 9 | 10-12 || total
---------------------------+-------+-------+-------+-------++-------
   Fire: Sling             |    88 |   269 |   102 |       ||   459
         Shortbow          |       |       |   542 |    32 ||   574
   Cast: Slow              |       |    28 |    69 |    10 ||   107
 Armour: Robe              |     2 |    13 |    43 |     7 ||    65
  Dodge: Dodged            |    40 |    80 |   153 |    24 ||   297

Table legend: (Time is in decaauts)
 A = Elapsed time spent in this place.
 B = Non-inter-level travel time spent in this place.
 C = Inter-level travel time spent in this place.
 D = Time resting spent in this place.
 E = Time spent auto-exploring this place.
 F = Levels seen in this place.
 G = Mean time per level.
                   A        B        C        D        E       F      G
               +--------+--------+--------+--------+--------+-----+--------+
         Total |   4008 |   3820 |    188 |      0 |      8 |   9 |  445.3 |
       Dungeon |   3712 |   3533 |    179 |      0 |      0 |   7 |  530.3 |
        Temple |     71 |     62 |      9 |      0 |      8 |   1 |   71.0 |
       Ossuary |    224 |    224 |      0 |      0 |      0 |   1 |  224.0 |
               +--------+--------+--------+--------+--------+-----+--------+

Top non-repeatable levels by time:
     D:7: 632 daAuts
     D:5: 621 daAuts
     D:4: 610 daAuts
     D:6: 593 daAuts
     D:3: 519 daAuts
     D:1: 375 daAuts
     D:2: 361 daAuts
 Ossuary: 224 daAuts
  Temple: 71 daAuts
